 Dungeon Crawl Stone Soup version 0.19.0 (webtiles) character file.

261 CanadianGator the Cutter (level 6, -1/38 HPs)
             Began as a Kobold Berserker on Nov 21, 2016.
             Was a Believer of Trog.
             Killed by divine providence
             ... invoked by an orc priest
              (13 damage)
             ... on level 4 of the Dungeon.
             The game lasted 00:08:53 (3025 turns).

CanadianGator the Cutter (Kobold Berserker)         Turns: 3025, Time: 00:08:55

Health: -1/38      AC:  6    Str: 14    XL:     6   Next: 41%
Magic:  6/6        EV: 16    Int:  8    God:    Trog [**....]
Gold:   111        SH:  5    Dex: 17    Spells: 0 memorised, 5 levels left

rFire  . . .     SeeInvis +     j - +0 dagger (venom)
rCold  . . .     Gourm    .     b - +0 animal skin
rNeg   . . .     Faith    .     n - +0 buckler
rPois  .         Spirit   .     A - +0 helmet
rElec  .         Reflect  .     (no cloak)
rCorr  .         Harm     .     (no gloves)
MR     .....                    w - +1 pair of boots
Stlth  ++........               (no amulet)
                                m - ring of see invisible
                                e - +1 ring of protection

@: lethally poisoned (-1 -> -4), exhausted, slowed, very slow
A: carnivore 3
a: Berserk, Trog's Hand, Burn Spellbooks, Renounce Religion


You were on level 4 of the Dungeon.
You worshipped Trog.
Trog was pleased with you.
You were very full.

You visited 1 branch of the dungeon, and saw 4 of its levels.

You collected 111 gold pieces.

Inventory:

Hand Weapons
 a - a +0 short sword
 j - a +0 dagger of venom (weapon)
Missiles
 l - 12 bolts
Armour
 b - a +0 animal skin (worn)
 n - a +0 buckler (worn)
 w - a +1 pair of boots (worn)
 A - a +0 helmet (worn)
Jewellery
 e - a +1 ring of protection (left hand)
 f - an uncursed ring of magical power
 m - a ring of see invisible (right hand)
Scrolls
 d - 2 scrolls of recharging {unknown}
 g - 4 scrolls of identify {unknown}
 s - 3 scrolls of enchant armour {unknown}
 x - a scroll of random uselessness {unknown}
 y - a scroll of immolation {unknown}
Potions
 h - 2 potions of heal wounds {unknown}
 i - a potion of brilliance {unknown}
 k - 3 potions of haste {unknown}
 o - a potion of curing {unknown}
 p - a potion of resistance {unknown}
 r - a potion of might {unknown}
 t - a potion of mutation {unknown}
 u - a potion of agility {unknown}
Comestibles
 c - 2 meat rations


   Skills:
 + Level 4.1 Fighting
 * Level 5.9 Short Blades
 + Level 2.3 Armour
 * Level 4.3 Dodging
 + Level 2.6 Stealth
 + Level 0.5 Shields


You had 5 spell levels left.
You didn't know any spells.

Dungeon Overview and Level Annotations

Branches:
Dungeon (4/15)
 Temple: D:4-7

Altars:
Fedhas
Uskayaw
The Shining One


Innate Abilities, Weirdness & Mutations

You are small and have problems with some larger weapons.
You are carnivorous and can eat meat at any time.


Message History

The orc priest begins to cast a cantrip, but forgets the words!
You hit the worker ant but do no damage.
The worker ant looks as sick as possible!
The worker ant is moderately wounded.
You feel sick.
You kill the worker ant!
Trog accepts your kill.
You hit the orc priest.
The orc priest is heavily wounded.
The orc priest closely misses you.
You hit the orc priest.
The orc priest is severely wounded.
You feel sick. The orc priest barely misses you.
You hit the orc priest but do no damage.
The orc priest is poisoned.
The orc priest is severely wounded.
You feel sick.
The orc priest calls down the wrath of Beogh upon you.
Beogh smites you!
You die...

.. ##.##.......###
# #..###..#....##
##.####........
#..............
#.........##...
#.............. .
###...#########.>.
###...###.......
###.@ooo(.#
####o.#.# ).##
.### ##


You could see an orc priest and 3 orcs.

Vanquished Creatures
  A jelly (D:3)
  An orc wizard (D:4)
  Jessica (D:3)
  An iguana (D:3)
  A worker ant (D:4)
  Robin (D:3)
  3 adders
  An ooze (D:3)
  A dart slug (D:1)
  5 orcs
  A giant cockroach (D:2)
  14 hobgoblins
  7 jackals
  9 kobolds
  A quokka (D:3)
  8 bats
  3 frilled lizards
  11 goblins
  7 rats
77 creatures vanquished.

Notes
Turn   | Place    | Note
-------+----------+-------------------------------------------
     0 | D:1      | CanadianGator the Kobold Berserker began the quest for the Orb.
     0 | D:1      | Reached XP level 1. HP: 14/14 MP: 1/1
   160 | D:1      | Reached XP level 2. HP: 8/19 MP: 2/2
  1022 | D:2      | Found a hide-covered altar of Uskayaw.
  1072 | D:2      | Reached XP level 3. HP: 17/23 MP: 3/3
  1158 | D:2      | Found a glowing golden altar of the Shining One.
  1579 | D:2      | Reached XP level 4. HP: 28/28 MP: 4/4
  1709 | D:3      | Reached skill level 5 in Short Blades
  1713 | D:3      | Reached ** piety under Trog
  1783 | D:3      | Reached skill level 1 in Stealth
  2014 | D:3      | Found a blossoming altar of Fedhas.
  2016 | D:3      | Reached XP level 5. HP: 33/33 MP: 5/5
  2687 | D:3      | Noticed Robin
  2720 | D:3      | Killed Robin
  2889 | D:3      | Noticed Jessica
  2891 | D:3      | Killed Jessica
  2891 | D:3      | Reached XP level 6. HP: 38/38 MP: 6/6
  3025 | D:4      | Killed from afar by an orc priest

Skill      XL: |  1  2  3  4  5  6 |
---------------+-------------------+-----
Dodging        | 3 4 |  4.3
Short Blades   | 5 |  5.9
Stealth        | 1 2 |  2.6
Armour         | 2 |  2.3
Fighting       | 4 |  4.1
Shields        | |  0.5

Action                   |  1- 3 |  4- 6 || total
-------------------------+-------+-------++-------
Melee: Short sword       |    21 |       ||    21
       Dagger            |    81 |   135 ||   216
Invok: Berserk           |     1 |     3 ||     4
 Stab: Sleeping          |     1 |     1 ||     2
  Eat: Chunk             |     9 |     9 ||    18
Armor: Animal skin       |     8 |     9 ||    17
       Ring mail         |    18 |    24 ||    42
Dodge: Dodged            |    65 |    84 ||   149
Block: Buckler           |    10 |    22 ||    32
